 Dungeon Crawl Stone Soup version 0.19.0-24-gb05acd6 (webtiles) character file.

13 ChaseSP the Insei (level 2, 14/14 HPs)
             Began as a Vine Stalker Transmuter on Nov 22, 2016.
             Quit the game on level 1 of the Dungeon.
             The game lasted 00:01:07 (674 turns).

ChaseSP the Insei (Vine Stalker Transmuter)          Turns: 674, Time: 00:01:08

Health: 14/14      AC:  2    Str: 12    XL:     2   Next: 37%
Magic:  6/6        EV: 12    Int: 13    God:
Gold:   24         SH:  0    Dex: 14    Spells: 2 memorised, 2 levels left

rFire  . . .     SeeInvis .       - Unarmed
rCold  . . .     Gourm    .     b - +0 robe
rNeg   . . .     Faith    .     (no shield)
rPois  .         Spirit   +     (no helmet)
rElec  .         Reflect  .     (no cloak)
rCorr  .         Harm     .     (no gloves)
MR     .....                    (no boots)
Stlth  +.........               h - amulet of inaccuracy (curse)
                                (no ring)
                                (no ring)

@: no status effects
A: fangs 2, magic shield, antimagic bite, no device heal 3, rot immunity
a: no special abilities


You were on level 1 of the Dungeon.
You were not hungry.

You visited 1 branch of the dungeon, and saw 1 of its levels.

You collected 24 gold pieces.

Inventory:

Missiles
 a - 12 arrows
Armour
 b - a +0 robe (worn)
Jewellery
 h - a cursed amulet of inaccuracy (around neck)
Scrolls
 e - a scroll of blinking {unknown}
Books
 c - a book of Changes

   Spells                             Type                      Level
   a - Beastly Appendage              Transmutation                1
   b - Sticks to Snakes               Transmutation                2
   c - Spider Form                    Transmutation/Poison         3
   d - Ice Form                       Ice/Transmutation            4
   e - Blade Hands                    Transmutation                5
Comestibles
 d - a bread ration
 f - 5 chunks of flesh
 g - a beef jerky


   Skills:
 - Level 0.8 Fighting
 - Level 1.5 Dodging
 - Level 3.0 Unarmed Combat
 - Level 2.1 Spellcasting
 + Level 3.0 Transmutations


You had 2 spell levels left.
You knew the following spells:

 Your Spells              Type           Power        Failure   Level  Hunger
a - Beastly Appendage     Tmut           #.....       10%         1    ##.....
b - Sticks to Snakes      Tmut           #.......     12%         2    ###....


Dungeon Overview and Level Annotations

Branches:
Dungeon (1/15)

Altars:


Innate Abilities, Weirdness & Mutations

You have extremely sharp teeth.
When hurt, damage is shared between your health and your magic reserves.
Your bite disrupts and absorbs the magic of your enemies.
Potions and wands cannot restore your health.
You are immune to rotting.


Message History

f - 5 chunks of flesh (gained 4) Magic restored.
Found a mace.
h - a large bronze amulet Put on which piece of jewellery? (? for menu, Esc to quit)
Oops, that amulet feels deathly cold.
h - a cursed amulet of inaccuracy (around neck)
As you read the scroll labeled EQOD GUILONEUC, it crumbles to dust.
It is a scroll of enchant weapon.
You aren't carrying any weapons that can be enchanted.
You now have 15 gold pieces (gained 7).
e - a scroll labeled PIUS UDWA SIUTUERI You now have 24 gold pieces (gained 9).
You open the door.
There is an open door here.
A rat comes into view.
A rat is nearby!
Are you sure you want to abandon this character and quit the game? (Confirm with "yes".)
Okay, then.
Are you sure you want to abandon this character and quit the game? (Confirm with "yes".)

.....# #.# #... ####.# .. #.#
#... #.# ##r######## #.#### #...
#.# .........# #.##.# ##.. #.#
#.......###.##.# #.. #.#
+.......'...##<# #.. #.#
#.......######.# ### #.#
#.......# ##.###### #.#
###.@...#####........ #.#.#
##.#.#.##..........# #.#.#
#...................' #.#.# #
#.#.###.#...........#
#.#.#.####........)).........#
###.#.#.#....#.###.#...........#
#.....#.#....#.#(#.#...........#
#.#.....#....#.###.#...........#
#.#.....+......................#


You could see a rat (wandering).

Vanquished Creatures
  A dart slug (D:1)
  A leopard gecko (D:1)
  3 goblins (D:1)
  2 hobgoblins (D:1)
  A ball python (D:1)
  A kobold (D:1)
9 creatures vanquished.

Notes
Turn   | Place    | Note
-------+----------+-------------------------------------------
     0 | D:1      | ChaseSP the Vine Stalker Transmuter began the quest for the Orb.
     0 | D:1      | Reached XP level 1. HP: 9/9 MP: 4/4
   189 | D:1      | Reached XP level 2. HP: 10/14 MP: 6/6
   196 | D:1      | Learned a level 2 spell: Sticks to Snakes
   674 | D:1      | Quit the game

Skill      XL: |  1  2 |
---------------+-------+-----
Transmutations | 3 |  3.0
Fighting       | |  0.8
Dodging        | |  1.5
Unarmed Combat | |  3.0
Spellcasting   | |  2.1

Action                   || total
-------------------------++-------
Melee: Unarmed           ||    35
       Bite              ||     9
       Punch             ||     1
 Cast: Beastly Appendage ||     3
  Use: Scroll            ||     1
 Stab: Sleeping          ||     1
Armor: Robe              ||     2
Dodge: Dodged            ||    20
